 Dungeon Sprint DCSS version 0.17-a0-15-g0155121 (webtiles) character file.

47 rgaf the Gusty (level 3, -2/19 HPs)
             Began as a Deep Elf Air Elementalist on Mar 5, 2015.
             Was an Initiate of Vehumet.
             Slain by a yak (12 damage)
             ... in the Dungeon (Sprint IX: "|||||||||||||||||||||||||||||").
             The game lasted 00:02:00 (547 turns).

rgaf the Gusty (Deep Elf Air Elementalist)           Turns: 547, Time: 00:02:00

Health: -2/19      AC:  4    Str:  5    XL:     3   Next: 48%
Magic:  6/14       EV: 17    Int: 20    God:    Vehumet [......]
Gold:   0          SH:  0    Dex: 15    Spells: 3 memorised, 8 levels left

rFire  . . .     SeeInvis .     o - staff of energy
rCold  . . .     Clarity  .     a - +0 robe
rNeg   . . .     SustAb   .     (no shield)
rPois  .         Gourm    .     s - +0 helmet
rElec  .         Spirit   .     (no cloak)
rCorr  .         Warding  .     (no gloves)
rMut   .         NoTele   +     r - +0 pair of boots
MR     .....                    (no amulet)
Stlth  ++........               u - +2 ring of evasion
                                t - +2 ring of evasion

@: very slightly contaminated, hasted, very quick, not resistant to hostile
enchantments, unstealthy
A: no striking features
a: Renounce Religion


You were in the Dungeon.
You worshipped Vehumet.
Vehumet was noncommittal.
You were not hungry.

You visited 1 branch

Inventory:

Hand weapons
 j - a +0 whip of venom
 p - a +2 rapier of electrocution
 q - the +2 scimitar of Cadawihe {flame, MR+ Int+2 Dex+4}
   (You found it in the Dungeon)

   It has been specially enchanted to burn those struck by it, causing extra
   injury to most foes and up to half again as much damage against particularly
   susceptible opponents.
   Big, fiery blades are also staple armaments of hydra-hunters.
   It affects your intelligence (+2).
   It affects your dexterity (+4).
   It affects your resistance to hostile enchantments.
Armour
 a - a +0 robe (worn)
 r - a +0 pair of boots (worn)
 s - a +0 helmet (worn)
Magical staves
 o - an uncursed staff of energy (weapon)
Jewellery
 t - a +2 ring of evasion (left hand)
 u - a +2 ring of evasion (right hand)
Magical devices
 n - a wand of cold (7)
Scrolls
 i - 2 scrolls of blinking
 l - 3 scrolls of remove curse
 m - 2 scrolls of amnesia
Potions
 d - 2 potions of magic
 e - 3 potions of heal wounds
 g - a potion of invisibility
 h - a potion of berserk rage
 k - 4 potions of curing
Books
 b - a book of Air

   Spells                             Type                      Level
   a - Shock                          Conjuration/Air              1
   b - Swiftness                      Charms/Air                   2
   c - Repel Missiles                 Charms/Air                   2
   d - Flight                         Charms/Air                   3
   e - Static Discharge               Conjuration/Air              3
   f - Lightning Bolt                 Conjuration/Air              5
Comestibles
 c - a bread ration


   Skills:
 - Level 2.4 Dodging
 - Level 2.4 Stealth
 + Level 5.6 Spellcasting
 + Level 3.6 Conjurations
 * Level 5.7 Air Magic


You had 8 spell levels left.
You knew the following spells:

 Your Spells              Type           Power        Failure   Level  Hunger
a - Shock                 Conj/Air       ###.         1%          1    None
b - Swiftness             Chrm/Air       ###.....     6%          2    None
c - Repel Missiles        Chrm/Air       ###...       6%          2    None


Dungeon Overview and Level Annotations

Branches:
Dungeon (1/1)

Altars:
Cheibriados
Dithmenos
Elyvilon
Fedhas
Gozag
Kikubaaqudgha
Makhleb
Nemelex Xobeh
Okawaru
Qazlal
Ru
Sif Muna
Trog
Vehumet
Xom
Yredelemnul
Zin
The Shining One
Beogh
Jiyva
Lugonu


Message History

The zap misses the yak.
The zap hits the hill giant.
The hill giant is heavily wounded.
The zap hits the worker ant.
The worker ant is heavily wounded.
The yak completely misses you.
Casting: Shock
Confirm with . or Enter, or press ? or * to list all spells.
Aiming: Shock
Press: ? - help, Shift-Dir - straight line, f/p - yak
Aim: a yak (severely wounded)
The zap hits the yak.
The yak is severely wounded.
The zap hits the hill giant.
The hill giant is heavily wounded.
The zap hits the worker ant.
The worker ant is heavily wounded.
The yak snorts and paws the altar.
The yak gores you!
Ouch! That really hurt!
You die...

▓_▓
▓_▓
▓_▓
▓_▓
▓_▓
▓a▓
▓C▓
▓Y▓
▓@▓
▓_▓
▓_▓
▓_▓
▓_▓
▓_▓
▓'▓
▓)▓
▓.▓


You could see a hill giant, a yak and a worker ant.

Vanquished Creatures
  An orc wizard (D)
  An adder (D)
  A giant gecko (D)
  An orc (D)
  A hobgoblin (D)
  A giant gecko skeleton (D)
  A giant gecko zombie (D)
  A giant spore (D)
  A goblin (D)
  2 kobolds (D)
11 creatures vanquished.

Vanquished Creatures (others)
  A scorpion (D)
  A hobgoblin (D)
2 creatures vanquished.

Grand Total: 13 creatures vanquished

Notes
Turn   | Place    | Note
--------------------------------------------------------------
     0 | D        | rgaf, the Deep Elf Air Elementalist, began the quest for the Orb.
     0 | D        | Reached XP level 1. HP: 10/10 MP: 5/5
    17 | D        | Reached skill level 4 in Spellcasting
   284 | D        | Noticed an orc wizard
   287 | D        | Reached XP level 2. HP: 15/15 MP: 4/9
   296 | D        | Killed an orc wizard
   296 | D        | Reached skill level 5 in Spellcasting
   296 | D        | Reached skill level 5 in Air Magic
   296 | D        | Reached XP level 3. HP: 10/19 MP: 8/14
   447 | D        | Found a glowing silver altar of Zin.
   447 | D        | Found a glowing golden altar of the Shining One.
   447 | D        | Found an ancient bone altar of Kikubaaqudgha.
   447 | D        | Found a basalt altar of Yredelemnul.
   447 | D        | Found a shimmering altar of Xom.
   447 | D        | Found a radiant altar of Vehumet.
   447 | D        | Found an iron altar of Okawaru.
   448 | D        | Found a burning altar of Makhleb.
   449 | D        | Found a deep blue altar of Sif Muna.
   450 | D        | Found a bloodstained altar of Trog.
   451 | D        | Found a sparkling altar of Nemelex Xobeh.
   452 | D        | Found a white marble altar of Elyvilon.
   453 | D        | Found a roughly hewn altar of Beogh.
   454 | D        | Found a viscous altar of Jiyva.
   455 | D        | Became a worshipper of Vehumet
   456 | D        | Found a corrupted altar of Lugonu.
   457 | D        | Found a blossoming altar of Fedhas.
   458 | D        | Found a snail-covered altar of Cheibriados.
   459 | D        | Found a shadowy altar of Dithmenos.
   460 | D        | Found a stormy altar of Qazlal.
   461 | D        | Found an opulent altar of Gozag.
   462 | D        | Found a sacrificial altar of Ru.
   482 | D        | Got the +2 scimitar of Cadawihe {flame, MR+ Int+2 Dex+4}
   507 | D        | Learned a level 2 spell: Swiftness
   510 | D        | Learned a level 2 spell: Repel Missiles
   511 | D        | Noticed a scorpion
   511 | D        | Noticed a worker ant
   511 | D        | Noticed a hill giant
   511 | D        | Noticed a yak
   522 | D        | Killed a scorpion
   547 | D        | Slain by a yak

Action                   || total
-------------------------++-------
 Cast: Shock             ||    27
       Swiftness         ||     1
  Use: Potion            ||     4
